 Dungeon Crawl Stone Soup version 0.29.0-4-gdea44cf6ec (webtiles) character file.

Game seed: 12167497375328594048

128 Lutefisk the Sneak (level 5, 0/29 HPs)
             Began as a Vine Stalker Brigand on Aug 27, 2022.
             Succumbed to an orc priest's poison
             ... on level 3 of the Dungeon.
             The game lasted 00:04:30 (806 turns).

Lutefisk the Sneak (Vine Stalker Brigand)            Turns: 806, Time: 00:04:30

Health: 0/29       AC:  3    Str: 13    XL:     5   Next: 12%
Magic:  3/6        EV: 11    Int: 11    God:
Gold:   59         SH:  0    Dex: 18    Spells: 4/4 levels left

rFire   . . .      SeeInvis .   m - +1 short sword (venom)
rCold   . . .      Faith    .   (no shield)
rNeg    . . .      Spirit   +   b - +0 robe
rPois   .          Reflect  .   (no helmet)
rElec   .          Harm     .   c - +0 cloak
rCorr   .          Rampage  .   (no gloves)
Will    .....                   (no boots)
Stlth   +++.......              (no amulet)
HPRegen 0.89/turn               l - ring of wizardry
MPRegen 0.10/turn               (no ring)

@: lethally poisoned (0 -> -4), flying
A: fangs 2, regeneration 1, magic shield, antimagic bite, no potion heal 2
a: no special abilities


You were on level 3 of the Dungeon.
You visited 1 branch of the dungeon, and saw 3 of its levels.

You collected 59 gold pieces.

Inventory:

Hand Weapons
 m - a +1 short sword of venom (weapon)
 n - a +4 dagger
Missiles
 d - 7 poisoned darts (quivered)
 e - 3 curare-tipped darts
Armour
 b - a +0 robe (worn)
 c - a +0 cloak (worn)
 g - an orb of light
Jewellery
 j - a ring of ice
 l - a ring of wizardry (left hand)
Scrolls
 f - a scroll of immolation {unknown}
 h - a scroll of amnesia {unknown}
 i - a scroll of identify {unknown}


   Skills:
 - Level 4.0 Fighting
 - Level 1.7 Short Blades
 - Level 2.0 Throwing
 - Level 0.7 Dodging
 * Level 5.8 Stealth


You had 4 spell levels left.
You didn't know any spells.
Your spell library contained the following spells:

 Spells                   Type           Power      Damage    Failure   Level
 Hailstorm                Conj/Ice       0%         3d3       77%         4
 Ice Form                 Ice/Tmut       0%         N/A       77%         4
 Simulacrum               Ice/Necr       0%         N/A       100%        6


Dungeon Overview and Level Annotations

Branches:
Dungeon (3/15)

Altars:


Innate Abilities, Weirdness & Mutations

You have extremely sharp teeth.
Your natural rate of healing is unusually fast.
When hurt, damage is shared between your health and your magic reserves.
Your bite disrupts and absorbs the magic of your enemies.
Potions cannot restore your health.


Message History

Magic restored.
You climb downwards.
There is a stone staircase leading up, spattered with blood here.
The orc priest barely misses you.
You hit the orc priest.
The orc priest is poisoned.
You bite the orc priest. You drain its power.
The orc priest is heavily wounded.
The orc priest hits you with a +1 trident of venom.
You are poisoned.
You hit the orc priest but do no damage.
The orc priest looks as sick as possible!
The orc priest is severely wounded.
You feel sick. The orc priest closely misses you.
You hit the orc priest but do no damage.
The orc priest looks as sick as possible!
Your bite misses the orc priest.
The orc priest is severely wounded.
You feel sick.
The orc priest hits you with a +1 trident of venom.
You are more poisoned.
You hit the orc priest but do no damage.
The orc priest looks as sick as possible!
The orc priest is severely wounded.
You feel very sick.
The orc priest hits you with a +1 trident of venom!
* * * LOW HITPOINT WARNING * * *
Unknown command.
It was a potion of flight.
You feel very buoyant.
You fly up into the air.
* * * LOW HITPOINT WARNING * * *
You feel very sick.
You kill the orc priest!
You have reached level 5!
Okay, then.
* * * LOW HITPOINT WARNING * * *
You feel very sick.
Things that are here:
a +1 trident of venom; a +0 scale mail You die...

### #.. #.# #.#
#.# .#..## #†#
...... #<# #.#...
#@# #.....
#)######### #.!...
#.........###.o.r.
#########.#.......
#.)o......
###.......
##...†.. #......
###....


There were no monsters in sight!

Vanquished Creatures
  An orc priest (D:3)
  An orc wizard (D:2)
  A gnoll (D:2)
  2 adders
  A dart slug (D:2)
  2 orcs (D:2)
  4 bats
  5 endoplasms
  4 giant cockroaches
  2 goblins
  3 hobgoblins
  A quokka (D:2)
  2 ball pythons
  2 frilled lizards
  7 kobolds
  2 rats
  A spectral goblin (D:1)
41 creatures vanquished.

Vanquished Creatures (others)
  A plant (D:1)
1 creature vanquished.

Grand Total: 42 creatures vanquished

Notes
Turn   | Place    | Note
-------+----------+-------------------------------------------
     0 | D:1      | Lutefisk the Vine Stalker Brigand began the quest for the
                  | Orb.
     0 | D:1      | Reached XP level 1. HP: 11/11 MP: 2/2
    94 | D:1      | Reached skill level 5 in Stealth
   147 | D:1      | Reached XP level 2. HP: 12/15 MP: 3/3
   386 | D:1      | Found a faded altar of an unknown god.
   450 | D:2      | Reached XP level 3. HP: 17/20 MP: 4/4
   636 | D:2      | Gained mutation: Your natural rate of healing is unusually
                  | fast. [Vine Stalker growth]
   636 | D:2      | Reached XP level 4. HP: 25/25 MP: 5/5
   805 | D:3      | Reached XP level 5. HP: 3/29 MP: 3/6
   805 | D:3      | HP: 1/29 [poisoned by an orc priest]
   806 | D:3      | Succumbed to an orc priest's poison

Illustrated notes

Levels and vault maps discovered:
D:1:      dpeg_arrival_pond, layout_loops_ring,
          dreamdust_ecumenical_altar_drowned_temple, serial_forest,
          infiniplex_forest_lined_2, infiniplex_forest_corner_1,
          infiniplex_forest_lined_1, infiniplex_forest_straight_4,
          infiniplex_forest_pool, infiniplex_forest_end_3,
          infiniplex_forest_lined_2
D:2:      minmay_alternating_diamond, layout_loops_cross, uniq_natasha
D:3:      layout_loops_ring, lemuel_zombie_altar_yredelemnul,
          minmay_misc_feat_cross, uniq_terence, uniq_crazy_yiuf_cottage

Skill      XL: |  1  2  3  4 |
---------------+-------------+-----
Stealth        | 5 |  5.8
Fighting       | 2 3 4 |  4.0
Throwing       | 2 |  2.0
Short Blades   | |  1.7
Dodging        | |  0.7

Action                   |  1- 3 |  4- 6 || total
-------------------------+-------+-------++-------
Melee: Dagger            |    66 |     7 ||    73
       Bite              |    15 |     4 ||    19
       Short sword       |       |    19 ||    19
Throw: Dart              |     5 |       ||     5
  Use: Potion            |       |     1 ||     1
 Stab: Sleeping          |    10 |     4 ||    14
Armor: Robe              |     7 |     7 ||    14
Dodge: Dodged            |    24 |    17 ||    41
